 Dungeon Crawl Stone Soup version 0.25-a0-834-g55863b0b92 (webtiles) character file.

Game seed: 12169007676974567191, levelgen mode: deterministic

49186 Nixze the Tainter (level 14, 0/121 HPs)
             Began as a Grey Draconian Venom Mage on Apr 23, 2020.
             Was an Elder of Sif Muna.
             Slain by a wyvern (9 damage)
             ... on level 6 of the Lair of Beasts.
             The game lasted 01:01:56 (23406 turns).

Nixze the Tainter (Grey Draconian Venom Mage)      Turns: 23406, Time: 01:01:57

Health: 0/121      AC: 14    Str: 15    XL:     14   Next: 15%
Magic:  12/26      EV: 12    Int: 19    God:    Sif Muna [****..]
Gold:   621        SH:  5    Dex: 13    Spells: 9/30 levels left

rFire    . . .     SeeInvis .   i - +6 flail of Sudden Death {vorpal, rElec MR+ Str+4}
rCold    . . .     Gourm    .   F - +0 buckler
rNeg     + . .     Faith    .   (armour unavailable)
rPois    +         Spirit   .   K - +1 hat {MR+}
rElec    +         Reflect  .   (no cloak)
rCorr    .         Harm     .   (no gloves)
MR       +++..                  (no boots)
Stlth    ++........             (no amulet)
HPRegen  0.30/turn              M - ring of poison resistance
MPRegen  0.20/turn              n - ring of positive energy

@: no status effects
A: walk through water, unfitting armour, unbreathing, cold-blooded, AC +13
a: Channel Magic, Forget Spell, Divine Exegesis, Renounce Religion


You were on level 6 of the Lair of Beasts.
You worshipped Sif Muna.
Sif Muna was greatly pleased with you.
You were not hungry.

You visited 2 branches of the dungeon, and saw 16 of its levels.
You also visited: Volcano.

You collected 1111 gold pieces.
You spent 490 gold pieces at shops.

Inventory:

Hand Weapons
 i - the +6 flail of Sudden Death (weapon) {vorpal, rElec MR+ Str+4}
   (You found it on level 6 of the Dungeon)

   It inflicts extra damage upon your enemies.
   It affects your strength (+4).
   It insulates you from electricity.
   It affects your resistance to hostile enchantments.
 l - the cursed +2 glaive of Checkmate {freeze, Str+7}
   (You took it off a centaur on level 6 of the Dungeon)

   It has been specially enchanted to freeze those struck by it, causing extra
   injury to most foes and up to half again as much damage against particularly
   susceptible opponents.
   It can also slow down cold-blooded creatures.
   It affects your strength (+7).
   It has a curse placed upon it.
 u - the +11 arbalest of Execution {elec, rC+ Int+3 Stlth+}
   (You found it on level 9 of the Dungeon)

   It charges the ammunition it shoots with electricity; occasionally upon a
   hit, such missiles may discharge and cause terrible harm.
   It affects your intelligence (+3).
   It protects you from cold.
   It makes you more stealthy.
 w - a +1 whip of electrocution
 P - a +3 vorpal great mace
 U - a +1 quarterstaff of flaming
Missiles
 m - 8 curare-tipped darts
 p - 43 poisoned darts (quivered)
 I - 5 atropa-tipped darts
Armour
 x - a +3 tower shield
 F - a +0 buckler (worn)
 K - a +1 hat of magic resistance (worn)
Magical Staves
 y - an uncursed staff of summoning
Jewellery
 n - a ring of positive energy (right hand)
 M - a ring of poison resistance (left hand)
 O - an uncursed ring of see invisible
Wands
 c - a wand of digging (4)
 r - a wand of flame (35)
 D - a wand of enslavement (25)
 G - a wand of polymorph (5)
 H - a wand of acid (5)
 J - a wand of scattershot (4)
 Q - a wand of clouds (8)
 S - a wand of iceblast (9)
Scrolls
 a - 7 scrolls of remove curse
 d - 2 scrolls of amnesia {unknown}
 e - 12 scrolls of identify
 g - 4 scrolls of enchant weapon
 h - 4 scrolls of teleportation
 v - 3 scrolls of enchant armour
 C - 2 scrolls of magic mapping
 E - a scroll of immolation {unknown}
 L - 2 scrolls of fog {unknown}
Potions
 f - 2 potions of brilliance {unknown}
 j - a potion of ambrosia
 k - 4 potions of stabbing
 o - a potion of berserk rage {unknown}
 q - 2 potions of curing
 s - 3 potions of might
 t - 4 potions of haste
 z - a potion of flight {unknown}
 A - 3 potions of resistance {unknown}
 B - a potion of mutation {unknown}
 N - 2 potions of lignification {unknown}
 R - a potion of cancellation {unknown}
Comestibles
 b - 34 rations


   Skills:
 + Level 10.2 Fighting
 * Level 9.9 Maces & Flails
 - Level 1.7 Dodging
 - Level 1.7 Stealth
 - Level 4.0 Shields
 + Level 8.8 Spellcasting
 * Level 9.7 Conjurations
 + Level 2.7 Hexes
 - Level 4.0 Transmutations
 - Level 4.0 Fire Magic
 + Level 11.5 Poison Magic
 - Level 10.0 Invocations


You had 9 spell levels left.
You knew the following spells:

 Your Spells              Type           Power        Failure   Level  Hunger
a - Sting                 Tmut/Pois      ####         1%          1    None
b - Poisonous Vapours     Pois/Air       ####..       1%          2    None
c - Olgreb's Toxic Radia  Pois           ######..     1%          4    ###....
d - Mephitic Cloud        Conj/Pois/Air  #####...     1%          3    None
e - Apportation           Tloc           #.....       9%          1    None
f - Ignite Poison         Fire/Tmut/Pois ####....     1%          3    None
g - Magic Dart            Conj           ####         1%          1    None
h - Blink                 Tloc           N/A          13%         2    None
i - Fulminant Prism       Conj/Hex       ####......   6%          4    ###....

Your spell library contained the following spells:

 Spells                   Type           Power        Failure   Level  Hunger
 Conjure Flame            Conj/Fire      ####....     1%          3    None
 Corona                   Hex            ###....      2%          1    None
 Slow                     Hex            ###.....     4%          2    None
 Inner Flame              Hex/Fire       ###.....     6%          3    None
 Ensorcelled Hibernation  Hex/Ice        ##....       8%          2    None
 Animate Skeleton         Necr           N/A          9%          1    None
 Infusion                 Chrm           #...         9%          1    None
 Summon Small Mammal      Summ           #...         9%          1    None
 Confusing Touch          Hex            ###.....     9%          3    None
 Call Imp                 Summ           #.......     13%         2    None
 Portal Projectile        Hex/Tloc       ##....       14%         3    None
 Cause Fear               Hex            ###.......   26%         4    ###....
 Leda's Liquefaction      Hex/Erth       ##........   43%         4    ###....
 Discord                  Hex            ###.......   100%        8    #######


Dungeon Overview and Level Annotations

Branches:
Dungeon (10/15)            Temple (0/1) D:7            Lair (6/6) D:8
 Shoals (0/4) Lair:2       Spider (0/4) Lair:3        Slime (0/5) Lair:5
    Orc (0/2) D:9         Volcano (visited)

Altars:
Ashenzari
Dithmenos
Gozag
Hepliaklqana
Kikubaaqudgha
Makhleb
Sif Muna
Trog
Vehumet
Xom
Yredelemnul
Zin
The Shining One
Beogh
Jiyva

Shops:
D:5 =

Annotations:
D:7 2 transporters, htime's ghost, novice SpEn
Lair:6 exclusion: 2 oklob plants


Innate Abilities, Weirdness & Mutations

You can walk through water.
Your dull iron-grey scales are very hard. (AC +13)
You cannot fit into any form of body armour.
You can survive without breathing.
You are cold-blooded and may be slowed by cold attacks.


Message History

The black mamba poisons you! The wyvern bites you!
* * * LOW HITPOINT WARNING * * *
The black mamba barely misses you. The hell hound closely misses you.
You feel better. The black mamba bites you.
* * * LOW HITPOINT WARNING * * *
The wyvern closely misses you. The hell hound breathes flames at you.
The blast of flame hits you!!
* * * LOW HITPOINT WARNING * * *
The black mamba bites you but does no damage.
The wyvern bites you!
* * * LOW HITPOINT WARNING * * *
The hell hound bites you but does no damage.
Your fulminant prism crackles loudly.
You hit the hell hound.
You kill the hell hound!
Sif Muna accepts your kill.
The black mamba bites you but does no damage.
The wyvern bites you!
You die...

≈≈^.........# **≈§≈***,,≈,,≈,,,,
.≈≈.........#*###.§§****≈≈,,≈≈,,,
.≈≈≈<.....###*8#8.##**≈≈≈≈,,≈≈≈≈*
..≈......## ##....##≈≈≈**++**,≈≈
.#.......# *......##≈**,,,,**,≈
........## ##......#≈#.,,,,,*,≈
.....P..## ##.......#≈#.,,,,,*≈,
#......#.####........≈≈#.,,,,,*≈*
#.......#.).....@##≈≈≈≈#,,,,,,*≈≈
...[..#..#.....S.l.#≈≈§##,,,,**≈≈
#.......####.........≈§§#*****≈≈≈
#........######.*....#≈§≈≈≈≈≈≈*≈≈
.....#.P..### ##......§≈§≈≈≈≈≈**≈
...#.####...# *.#8..#§§##*≈≈≈,,**
....## #....#######8##..#,,,,,,,,
...#.# ##....### *##≈≈.#,,,,,,,,
...### #..÷...# **≈≈*..,,,,,,,,


You could see a black mamba, a wyvern and a friendly fulminant prism.

Vanquished Creatures
  Rupert (Lair:4)
  Gastronok (Lair:2)
  Josephine (Lair:4)
  7 hydras
  Erica (Lair:2)
  A dancing weapon (Volcano)
  3 two-headed ogres
  2 unseen horrors (D:10)
  5 wizards (Volcano)
  2 lindwurms
  6 elephants (Lair:4)
  5 toenail golems (Volcano)
  6 black mambas
  8 spiny frogs
  2 molten gargoyles (Lair:6)
  6 komodo dragons
  A rime drake (Lair:4)
  2 trolls (D:9)
  A hornet (D:8)
  2 polar bears
  Prince Ribbit (D:5)
  9 hippogriffs
  27 blink frogs
  5 wraiths (Lair:4)
  23 yaks
  6 wyverns
  2 steam dragons
  4 basilisks
  2 hell hounds (Lair:6)
  6 water moccasins
  3 orc warriors
  12 porcupines
  2 ice beasts
  2 phantoms
  2 black bears
  2 necrophages (D:9)
  5 sky beasts
  5 ogres
  9 wolves (Lair:3)
  5 centaurs
  8 crocodiles
  A gnoll sergeant (D:10)
  9 bullfrogs
  A water moccasin zombie (D:5)
  A water moccasin skeleton (D:8)
  6 scorpions
  4 wights (D:6)
  3 electric eels
  A bullfrog zombie (D:6)
  3 howler monkeys (D:10)
  5 crimson imps
  6 hounds
  A jelly (D:10)
  3 lava snakes (Lair:6)
  2 quasits
  A centaur zombie (D:7)
  4 bullfrog skeletons
  4 orc priests
  3 orc wizards (D:6)
  3 iguanas
  Ijyb (D:3)
  Terence (D:3)
  9 worker ants
  A hound zombie (D:10)
  A hound skeleton (D:4)
  A worker ant zombie (D:10)
  Robin (D:2)
  2 howler monkey skeletons
  15 gnolls
  11 adders
  A shadow imp (D:7)
  4 oozes
  2 adder zombies
  3 adder skeletons
  4 worms
  A dart slug (D:4)
  6 leopard geckos
  16 orcs
  4 ball pythons
  9 giant cockroaches
  10 goblins
  6 hobgoblins
  5 jackals
  11 kobolds
  5 quokkas
  4 bats
  3 frilled lizards
  A giant cockroach zombie (D:6)
  A leopard gecko zombie (D:5)
  8 rats
  2 butterflies
  A fungus (Lair:2)
  2 plants (Lair:6)
416 creatures vanquished.

Vanquished Creatures (others)
  28 fulminant prisms
  19 fungi
  12 plants
59 creatures vanquished.

Grand Total: 475 creatures vanquished

Notes
Turn   | Place    | Note
-------+----------+-------------------------------------------
     0 | D:1      | Nixze the Draconian Venom Mage began the quest for the Orb.
     0 | D:1      | Reached XP level 1. HP: 14/14 MP: 3/3
   404 | D:1      | Reached XP level 2. HP: 22/22 MP: 3/5
   842 | D:1      | Reached skill level 1 in Fighting
  1017 | D:2      | Learned a level 2 spell: Poisonous Vapours
  1053 | D:2      | Reached XP level 3. HP: 28/28 MP: 1/6
  1241 | D:2      | Reached skill level 4 in Poison Magic
  1241 | D:2      | Reached XP level 4. HP: 27/36 MP: 0/7
  2097 | D:2      | Noticed Robin
  2113 | D:2      | Killed Robin
  2332 | D:2      | Learned a level 4 spell: Olgreb's Toxic Radiance
  2565 | D:3      | Noticed Ijyb
  2576 | D:3      | Killed Ijyb
  2576 | D:3      | Reached XP level 5. HP: 38/42 MP: 1/9
  2896 | D:3      | Noticed a two-headed ogre
  2931 | D:3      | Killed a two-headed ogre
  2931 | D:3      | Reached skill level 6 in Poison Magic
  2931 | D:3      | Reached XP level 6. HP: 20/53 MP: 0/12
  2931 | D:3      | Your scales start taking on a dull iron-grey colour.
  2931 | D:3      | Reached XP level 7. HP: 23/60 MP: 0/13
  2931 | D:3      | Gained mutation: You can survive without breathing. [Grey
                  | Draconian growth]
  3232 | D:3      | Noticed Terence
  3235 | D:3      | Killed Terence
  3289 | D:3      | Learned a level 3 spell: Mephitic Cloud
  3747 | D:4      | Reached skill level 7 in Poison Magic
  3854 | D:4      | Found a shimmering blue altar of Sif Muna.
  3923 | D:4      | Became a worshipper of Sif Muna the Loreminder
  4145 | D:4      | Found a hazy altar of Hepliaklqana.
  4146 | D:4      | Found a shimmering altar of Xom.
  4146 | D:4      | Noticed a wyvern
  4147 | D:4      | Noticed a spectral ugly thing
  4274 | D:5      | Entered Level 5 of the Dungeon
  4278 | D:5      | Reached XP level 8. HP: 67/67 MP: 9/14
  4291 | D:5      | Reached skill level 5 in Fighting
  4628 | D:5      | Found Tifoniky's Jewellery Emporium.
  4651 | D:5      | Reached skill level 5 in Spellcasting
  4694 | D:5      | Found a shattered altar of Ashenzari.
  4700 | D:5      | Noticed Prince Ribbit
  4704 | D:5      | Reached skill level 8 in Poison Magic
  4714 | D:5      | Killed Prince Ribbit
  5577 | D:6      | Reached * piety under Sif Muna
  5645 | D:6      | Learned a level 1 spell: Apportation
  5671 | D:6      | Reached XP level 9. HP: 59/75 MP: 14/17
  5675 | D:6      | Identified the cursed +2 glaive of Checkmate {freeze,
                  | Str+7}
  5697 | D:6      | Reached skill level 9 in Poison Magic
  6038 | D:6      | Got a pitted flail
  6039 | D:6      | Identified the +6 flail of Sudden Death {vorpal, rElec MR+
                  | Str+4} (You found it on level 6 of the Dungeon)
  6058 | D:6      | Learned a level 3 spell: Ignite Poison
  6428 | D:6      | Reached skill level 1 in Maces & Flails
  6741 | D:6      | Found a glowing golden altar of the Shining One.
  6747 | D:6      | Found a basalt altar of Yredelemnul.
  6748 | D:6      | Found a shadowy altar of Dithmenos.
  6749 | D:6      | Found a glowing silver altar of Zin.
  6751 | D:6      | Found a bloodstained altar of Trog.
  6982 | D:7      | Reached ** piety under Sif Muna
  6982 | D:7      | Reached skill level 1 in Conjurations
  6982 | D:7      | Reached skill level 1 in Invocations
  7221 | D:7      | Noticed htime's ghost (novice SpEn)
  7230 | D:7      | Found a staircase to the Ecumenical Temple.
  7252 | D:7      | Reached skill level 1 in Fire Magic
  7396 | D:7      | Found an ancient bone altar of Kikubaaqudgha.
  7397 | D:7      | Found an opulent altar of Gozag.
  7437 | D:7      | Found a transporter.
  7482 | D:7      | Found a transporter.
  7874 | D:8      | Found a staircase to the Lair.
  8293 | D:8      | Reached XP level 10. HP: 86/86 MP: 7/19
  9225 | D:9      | Noticed a two-headed ogre
  9232 | D:9      | Killed a two-headed ogre
  9539 | D:9      | Reached skill level 10 in Poison Magic
  9541 | D:9      | Reached skill level 1 in Shields
  9665 | D:9      | Found a staircase to the Orcish Mines.
  9674 | D:9      | Found a roughly hewn altar of Beogh.
  9680 | D:9      | Reached *** piety under Sif Muna
  9946 | D:9      | Found a burning altar of Makhleb.
  9949 | D:9      | Found a radiant altar of Vehumet.
 10172 | D:9      | Got a bone arbalest
 10179 | D:9      | Identified the +11 arbalest of Execution {elec, rC+ Int+3
                  | Stlth+} (You found it on level 9 of the Dungeon)
 10192 | D:9      | Reached XP level 11. HP: 89/92 MP: 9/21
 10356 | D:10     | Entered Level 10 of the Dungeon
 10413 | D:10     | Reached skill level 5 in Invocations
 10767 | D:10     | Killed an unseen horror
 10767 | D:10     | Reached skill level 5 in Maces & Flails
 10790 | D:10     | Noticed a two-headed ogre
 10804 | D:10     | Killed a two-headed ogre
 11001 | D:10     | Reached skill level 5 in Conjurations
 11106 | D:10     | Killed an unseen horror
 11436 | Lair:1   | Entered Level 1 of the Lair of Beasts
 11725 | Lair:1   | Noticed a four-headed hydra
 11745 | Lair:1   | Killed a four-headed hydra
 12140 | Lair:1   | Reached **** piety under Sif Muna
 13107 | Lair:2   | Noticed a four-headed hydra
 13116 | Lair:2   | Killed a four-headed hydra
 13380 | Lair:2   | Reached XP level 12. HP: 94/102 MP: 9/23
 13479 | Lair:2   | Found a staircase to the Shoals.
 13694 | Lair:2   | Noticed Gastronok
 13703 | Lair:2   | Killed Gastronok
 13821 | Lair:2   | Noticed Erica
 13828 | Lair:2   | Killed Erica
 15591 | Lair:3   | Found a hole to the Spider Nest.
 15794 | Lair:3   | Learned a level 1 spell: Magic Dart
 15797 | Lair:3   | Learned a level 2 spell: Blink
 16583 | Lair:3   | Reached ***** piety under Sif Muna
 16885 | D:5      | Bought an uncursed ring of poison resistance for 280 gold
                  | pieces
 16885 | D:5      | Bought an uncursed ring of see invisible for 210 gold
                  | pieces
 17817 | Lair:4   | Noticed Josephine
 17825 | Lair:4   | Reached skill level 11 in Poison Magic
 17827 | Lair:4   | Killed Josephine
 17827 | Lair:4   | Reached XP level 13. HP: 82/111 MP: 3/25
 18103 | Lair:4   | Noticed Rupert
 18117 | Lair:4   | Killed Rupert
 18612 | Lair:4   | Identified Mopudeo's Reference Book on Enchantment and
                  | Augmentations (Sif Muna gifted it to you on level 4 of the
                  | Lair of Beasts)
 18612 | Lair:4   | Received a gift from Sif Muna
 18630 | Lair:4   | Learned a level 4 spell: Fulminant Prism
 19344 | Lair:5   | Found a viscous altar of Jiyva.
 19344 | Lair:5   | Found a staircase to the Slime Pits.
 20027 | Lair:6   | Entered Level 6 of the Lair of Beasts
 20032 | Lair:6   | Reached skill level 1 in Hexes
 20100 | Lair:6   | Found a dark tunnel.
 20107 | Volcano  | Entered a volcano
 20373 | Volcano  | Reached skill level 10 in Fighting
 20795 | Lair:6   | Reached skill level 10 in Invocations
 21806 | Lair:6   | Reached XP level 14. HP: 56/121 MP: 18/26
 23406 | Lair:6   | Slain by a wyvern

Levels and vault maps discovered:
D:1:      dpeg_arrival_short_road, layout_rooms, minmay_shallow_snake_nest
D:2:      layout_loops_ring, first_ration, uniq_robin
D:3:      layout_rooms, uniq_ijyb, uniq_terence
D:4:      layout_loops_ring, regret_index_temple_of_mockery, kennysheep_mini
D:5:      layout_rooms, evilmike_ruin_ashenzari, serial_shops, shop,
          bh_walls_and_bars, uniq_prince_ribbit1
D:6:      layout_basic, minitemple, mrwooster_statue_mirror
D:7:      layout_basic, gammafunk_temple_overflow_pools,
          minmay_temple_entry_butterflies, gammafunk_ghost_stat_death
D:8:      layout_cave_pools, lair_entry_dummy
D:9:      layout_roguey, grunt_temple_overflow_lords_of_destruction,
          minmay_orc_entry_temple_small
D:10:     layout_loops_ring
Lair:1:   layout_misc_corridors
Lair:2:   layout_cave_pods, elwin_shoals_entry_rocks, bh_chokoban,
          serial_bayou_shore_a, grunt_megastairs_4, lemuel_fruit_tree,
          uniq_erica, uniq_gastronok
Lair:3:   layout_small_grid, nicolae_spider_entry_non_spiders,
          grunt_megastairs_3
Lair:4:   layout_gridlike, lemuel_fruit_fields, uniq_rupert, uniq_josephine
Lair:5:   layout_roguey, slime_altar_1, grunt_megastairs_5,
          infiniplex_staircase_pool
Lair:6:   cheibrodos_lair_end_hotspot, layout_misc_corridors, enter_volcano_2,
          chequers_serial_rivers_small_a, serial_bayou_shore_b,
          minmay_lair_oklob_chamber

Skill      XL: |  1  2  3  4  5  6  7  8  9 10 11 12 13 |
---------------+----------------------------------------+-----
Fighting       | 1 2 4 6 7 8 9 10 | 10.2
Poison Magic   | 4 6 7 8 9 10 11 | 11.5
Spellcasting   | 3 4 5 6 7 8 |  8.8
Maces & Flails | 2 4 6 8 9 |  9.9
Conjurations   | 2 4 6 7 9 |  9.7
Invocations    | 2 4 6 8 10 | 10.0
Fire Magic     | 1 3 4 |  4.0
Transmutations | 2 3 4 |  4.0
Shields        | 1 3 4 |  4.0
Hexes          | 2 |  2.7
Dodging        | |  1.7
Stealth        | |  1.7

Action                   |  1- 3 |  4- 6 |  7- 9 | 10-12 | 13-15 || total
-------------------------+-------+-------+-------+-------+-------++-------
Melee: Short sword       |    11 |       |       |       |       ||    11
       Tailslap          |     3 |     6 |    37 |    41 |    31 ||   118
       Dagger            |    20 |    57 |   162 |       |       ||   239
       Whip              |       |       |    28 |       |       ||    28
       Flail             |       |       |    98 |   310 |   182 ||   590
Throw: Dart              |       |       |     3 |       |       ||     3
 Cast: Sting             |    41 |    10 |    26 |     3 |       ||    80
       Poisonous Vapours |     2 |    36 |    81 |   134 |    99 ||   352
       Olgreb's Toxic Ra |       |       |    26 |    50 |    19 ||    95
       Ignite Poison     |       |       |     2 |    35 |    16 ||    53
       Mephitic Cloud    |       |       |     1 |     7 |    14 ||    22
       Magic Dart        |       |       |       |    19 |    43 ||    62
       Fulminant Prism   |       |       |       |       |    29 ||    29
Invok: Channel Magic     |       |       |       |     1 |     1 ||     2
Evoke: Wand              |       |       |     3 |     7 |       ||    10
  Use: Scroll            |       |       |    10 |     7 |     2 ||    19
       Potion            |       |       |     2 |     4 |     8 ||    14
 Stab: Sleeping          |       |       |     1 |     1 |       ||     2
       Confused          |       |       |       |       |     4 ||     4
  Eat: Chunk             |     1 |     8 |    19 |    26 |    19 ||    73
       Ration            |       |       |     1 |     3 |     1 ||     5
Armor: Skin              |    27 |    19 |   160 |   142 |    97 ||   445
Dodge: Dodged            |    42 |    46 |   205 |   192 |   135 ||   620
Block: Buckler           |       |       |       |    65 |    53 ||   118

Table legend:
 A = Non-vault XP
 B = Vault XP
 C = Vault XP percentage of total XP
 D = Non-vault monster count
 E = Vault monster count
 F = Vault count percentage of total count
                 A         B        C        D         E       F
            +---------+---------+-------+---------+---------+-------
      Total |   43170 |   27096 |  38.6 |     326 |      85 |  20.7
            +---------+---------+-------+---------+---------+-------
        D:1 |      19 |       4 |  17.4 |      12 |       2 |  14.3
        D:2 |     122 |      30 |  19.7 |      25 |       8 |  24.2
        D:3 |     913 |      72 |   7.3 |      18 |       2 |  10.0
        D:4 |     229 |       0 |   0.0 |       8 |       0 |   0.0
        D:5 |    1000 |     268 |  21.1 |      30 |       1 |   3.2
        D:6 |    1237 |       0 |   0.0 |      30 |       0 |   0.0
        D:7 |     979 |       0 |   0.0 |      20 |       0 |   0.0
        D:8 |    1140 |       0 |   0.0 |      19 |       0 |   0.0
        D:9 |    4907 |     276 |   5.3 |      34 |       5 |  12.8
       D:10 |    4470 |       0 |   0.0 |      27 |       0 |   0.0
     Lair:1 |    3817 |       0 |   0.0 |      15 |       0 |   0.0
     Lair:2 |    2455 |    4912 |  66.7 |      11 |      10 |  47.6
     Lair:3 |    6962 |     875 |  11.2 |      32 |      10 |  23.8
     Lair:4 |    7443 |    5188 |  41.1 |      22 |       7 |  24.1
     Lair:5 |    1578 |    1301 |  45.2 |       6 |       5 |  45.5
     Lair:6 |    5899 |    7493 |  56.0 |      17 |      24 |  58.5
    Volcano |       0 |    6677 | 100.0 |       0 |      11 | 100.0
            +---------+---------+-------+---------+---------+-------
